 Dungeon Crawl Stone Soup version 0.28.0-45-g0d030f2227 (webtiles) character file.

Game seed: 5571300303460276045

1006 safid the Cleaver (level 8, -4/55 (66) HPs)
             Began as a Hill Orc Fighter on Apr 3, 2022.
             Slain by a wight
             ... wielding a +2 mace of freezing
              (7 damage)
             ... on level 6 of the Dungeon.
             The game lasted 00:06:28 (4378 turns).

safid the Cleaver (Hill Orc Fighter)                Turns: 4378, Time: 00:06:29

HP:   -4/55 (66)    AC: 13    Str: 21    XL:     8   Next: 20%
MP:   8/8           EV:  7    Int:  8    God:
Gold: 226           SH:  4    Dex: 10    Spells: 7/7 levels left

rFire   . . .      SeeInvis .   a - +0 war axe
rCold   . . .      Faith    .   c - +0 buckler
rNeg    . . .      Spirit   .   k - +0 chain mail
rPois   .          Reflect  .   (no helmet)
rElec   .          Harm     .   (no cloak)
rCorr   .          Rampage  .   (no gloves)
Will    .....                   (no boots)
Stlth   ..........              (no amulet)
HPRegen 0.18/turn               b - +4 ring of protection
MPRegen 0.11/turn               (no ring)

@: heavily drained
A: no striking features
a: no special abilities


You were on level 6 of the Dungeon.
You visited 1 branch of the dungeon, and saw 6 of its levels.

You collected 226 gold pieces.

Inventory:

Hand Weapons
 a - a +0 war axe (weapon)
Missiles
 n - 3 poisoned darts
 v - a javelin (quivered)
Armour
 c - a +0 buckler (worn)
 k - a +0 chain mail (worn)
Jewellery
 b - a +4 ring of protection (left hand)
Wands
 r - a wand of flame (21)
 u - a wand of iceblast (6)
Scrolls
 e - a scroll of amnesia {unknown}
 h - 2 scrolls of blinking
 i - a scroll of fog
 j - 3 scrolls of teleportation
 l - a scroll of enchant armour {unknown}
 m - a scroll of enchant weapon {unknown}
 o - a scroll of silence {unknown}
 p - a scroll of vulnerability {unknown}
 s - a scroll of magic mapping {unknown}
Potions
 d - a potion of might
 g - a potion of mutation
 q - 3 potions of curing


   Skills:
 - Level 4.0 Fighting
 + Level 11.6 Axes
 - Level 4.0 Armour
 - Level 4.0 Shields


You had 7 spell levels left.
You didn't know any spells.
Your spell library contained the following spells:

 Spells                   Type           Power      Damage    Failure   Level
 Animate Skeleton         Necr           0%         N/A       99%         1
 Apportation              Tloc           0%         N/A       99%         1
 Magic Dart               Conj           0%         1d3       99%         1
 Summon Small Mammal      Summ           0%         N/A       99%         1
 Call Imp                 Summ           0%         N/A       100%        2
 Mephitic Cloud           Conj/Pois/Air  0%         N/A       100%        3


Dungeon Overview and Level Annotations

Branches:
Dungeon (6/15)             Temple (0/1) D:5

Altars:


Message History

You slash the wight!
The wight is almost destroyed.
The wight hits you with a +0 dire flail.
Unknown command.
You hit the wight.
You destroy the wight!
Unknown command.
You hit the wight but do no damage.
The wight is moderately damaged.
You block the wight's attack.
Unknown command.
You hit the wight.
The wight is moderately damaged.
The wight hits you with a +2 flail.
You feel drained.
Unknown command.
You closely miss the wight.
The wight is moderately damaged.
You block the wight's attack.
Unknown command.
You hit the wight but do no damage.
The wight is moderately damaged.
You completely miss the wight.
The wight hits you with a +2 mace of freezing!
You feel drained. The wight freezes you. The wight hits you with a +2 flail!
You feel drained.
Unknown command.
You hit the wight but do no damage.
The wight is moderately damaged.
You hit the wight. The wight hits you but does no damage.
The wight hits you with a +2 flail.
You feel drained.
Unknown command.
You hit the wight.
The wight is heavily damaged.
You hit the wight but do no damage. You closely miss the wight.
The wight hits you with a +0 scimitar.
You feel drained.
* * * LOW HITPOINT WARNING * * *
The wight hits you with a +2 mace of freezing!
* * * LOW HITPOINT WARNING * * *
The wight freezes you!
You die...

#..<.#.........#
####.#.........#
#.#.........#
#.#.##....###
..#.##.####
###.##.####
#...##...>#
#z#...###.#
#@#.#.# #
#zz.#.#
########.###.#
...........#.#
♣######..#.#.#
#..#...#
#.(##### ...#
..#..


You could see 3 wights.

Vanquished Creatures
  A hornet zombie (D:5)
  An ogre (D:4)
  An ice beast (D:5)
  A centaur (D:5)
  2 bullfrogs
  2 scorpions (D:5)
  A water moccasin zombie (D:3)
  A water moccasin skeleton (D:4)
  2 wights (D:6)
  2 hounds
  Natasha (twice) (D:3)
  2 river rats (D:4)
  4 adders
  An adder zombie (D:5)
  A worm (D:2)
  A dart slug (D:5)
  2 orcs
  9 bats
  6 endoplasms
  3 giant cockroaches
  2 goblins
  5 hobgoblins
  4 quokkas
  8 ball pythons
  5 frilled lizards
  11 kobolds
  8 rats
88 creatures vanquished.

Vanquished Creatures (others)
  5 plants (D:6)
5 creatures vanquished.

Grand Total: 93 creatures vanquished

Notes
Turn   | Place    | Note
-------+----------+-------------------------------------------
     0 | D:1      | safid the Hill Orc Fighter began the quest for the Orb.
     0 | D:1      | Reached XP level 1. HP: 19/19 MP: 1/1
   171 | D:1      | Reached XP level 2. HP: 21/27 MP: 2/2
   318 | D:1      | Found a faded altar of an unknown god.
   429 | D:1      | Reached skill level 3 in Axes
   695 | D:2      | Reached XP level 3. HP: 19/33 MP: 3/3
  1116 | D:2      | You fall into a shaft and drop 2 floors!
  1133 | D:3      | Reached skill level 4 in Axes
  1133 | D:3      | Reached XP level 4. HP: 36/40 MP: 4/4
  1515 | D:3      | Noticed Natasha
  1530 | D:3      | Killed Natasha
  1531 | D:3      | Reached skill level 5 in Axes
  1531 | D:3      | Reached XP level 5. HP: 16/46 MP: 5/5
  1925 | D:3      | Noticed Natasha
  1931 | D:3      | Killed Natasha
  1937 | D:3      | Reached skill level 6 in Axes
  1943 | D:3      | Reached skill level 7 in Axes
  1943 | D:3      | Reached XP level 6. HP: 35/52 MP: 6/6
  2542 | D:4      | Reached skill level 8 in Axes
  2991 | D:4      | Reached XP level 7. HP: 59/59 MP: 7/7
  3177 | D:5      | Entered Level 5 of the Dungeon
  3206 | D:5      | Reached skill level 9 in Axes
  3399 | D:5      | Reached skill level 10 in Axes
  3914 | D:5      | Found a staircase to the Ecumenical Temple.
  3949 | D:5      | Reached skill level 11 in Axes
  3949 | D:5      | Reached XP level 8. HP: 52/66 MP: 8/8
  4378 | D:6      | Slain by a wight

Illustrated notes

Levels and vault maps discovered:
D:1:      minmay_arrival_plants_in_alcoves, layout_basic,
          ebering_ecumenical_altar_sacrificial
D:2:      layout_basic
D:3:      layout_basic, minmay_misc_feat_rows, kennysheep_generic_room_11,
          uniq_natasha
D:4:      layout_cave_pools, portal_sewer_entry_b, moated_statue,
          roderic_lattice_a
D:5:      layout_loops_ring, minmay_temple_entry_tees
D:6:      layout_basic, serial_shops, kennysheep_mini_moat, serial_bayou,
          serial_bayou_pond_e, serial_bayou_ford_a, serial_bayou_pond_d,
          serial_bayou_pond_b, uniq_edmund

Skill      XL: |  1  2  3  4  5  6  7 |
---------------+----------------------+-----
Axes           | 3 4 5 7 8 11 | 11.6
Fighting       | 4 |  4.0
Armour         | 4 |  4.0
Shields        | 4 |  4.0

Action                   |  1- 3 |  4- 6 |  7- 9 || total
-------------------------+-------+-------+-------++-------
Melee: War axe           |   102 |   132 |    67 ||   301
Throw: Dart              |       |     3 |       ||     3
       Javelin           |       |       |     1 ||     1
  Use: Scroll            |       |       |     7 ||     7
Armor: Scale mail        |    34 |       |       ||    34
       Chain mail        |    60 |   103 |    37 ||   200
Dodge: Dodged            |    44 |    65 |    13 ||   122
Block: Buckler           |    27 |    41 |    11 ||    79
